 Seeded DCSS version 0.24.0 (webtiles) character file.

Game seed: 1030730296214698509, levelgen mode: deterministic

42 Auros the Changer (level 3, -2/28 HPs)
             Began as a Draconian Transmuter on Apr 12, 2020.
             Slain by a gnoll
             ... wielding a +0 spear
              (5 damage)
             ... on level 2 of the Dungeon.
             The game lasted 00:03:34 (1722 turns).

Auros the Changer (Draconian Transmuter)            Turns: 1722, Time: 00:03:37

Health: -2/28      AC:  5    Str: 13    XL:     3   Next: 33%
Magic:  5/6        EV: 12    Int: 13    God:
Gold:   130        SH:  0    Dex: 11    Spells: 5/6 levels left

rFire    . . .     SeeInvis .   f - +0 hand axe (curse)
rCold    . . .     Gourm    .   (no shield)
rNeg     . . .     Faith    .   (armour unavailable)
rPois    .         Spirit   .   (helmet restricted)
rElec    .         Reflect  .   (no cloak)
rCorr    .         Harm     .   (no gloves)
MR       .....                  (boots currently unavailable)
Stlth    +.........             (no amulet)
HPRegen  0.09/turn              (no ring)
MPRegen  0.10/turn              (no ring)

@: appendage
A: unfitting armour, talons 3, cold-blooded, AC +5
a: End Transformation


You were on level 2 of the Dungeon.
You were not hungry.
You had grown temporary talons.
You visited 1 branch of the dungeon, and saw 2 of its levels.

You collected 130 gold pieces.

Inventory:

Hand Weapons
 f - a cursed +0 hand axe (weapon)
 g - a +5 short sword
Missiles
 a - 29 arrows
 d - 4 boomerangs
 n - a throwing net
 Z - 37 stones (quivered)
Jewellery
 l - an uncursed amulet of the acrobat {unknown}
Scrolls
 b - 3 scrolls of amnesia {unknown}
 c - a scroll of enchant weapon {unknown}
 e - 2 scrolls of remove curse {unknown}
 h - 2 scrolls of teleportation {unknown}
 k - 5 scrolls of identify {unknown}
 p - a scroll of magic mapping {unknown}
Potions
 i - 2 potions of degeneration {unknown}
 m - a potion of flight {unknown}
 o - a potion of curing
 q - a potion of heal wounds {unknown}
Comestibles
 j - a chunk of flesh
 z - 5 rations


   Skills:
 - Level 1.1 Fighting
 - Level 1.8 Dodging
 - Level 3.0 Unarmed Combat
 - Level 2.0 Spellcasting
 + Level 3.7 Transmutations


You had 5 spell levels left.
You knew the following spells:

 Your Spells              Type           Power        Failure   Level  Hunger
a - Beastly Appendage     Tmut           ##....       5%          1    ##.....

Your spell library contained the following spells:

 Spells                   Type           Power        Failure   Level  Hunger
 Sticks to Snakes         Tmut           ##......     9%          2    ###....
 Spider Form              Tmut/Pois      #.........   34%         3    ####...
 Ice Form                 Ice/Tmut       #.......     75%         4    #####..
 Blade Hands              Tmut           ##........   83%         5    ######.


Dungeon Overview and Level Annotations

Branches:
Dungeon (2/15)

Altars:
Ru


Innate Abilities, Weirdness & Mutations

Your plain brown scales are hard. (AC +5)
You cannot fit into any form of body armour.
You are cold-blooded and may be slowed by cold attacks.
You have claws for feet.


Message History

The gnoll closely misses you. The gnoll completely misses you.
You hit the gnoll. Your kick misses the gnoll.
The gnoll is heavily wounded.
The gnoll misses you. The gnoll hits you but does no damage.
The gnoll hits you from afar with a +0 spear.
* * * LOW HITPOINT WARNING * * *
The gnoll closely misses you. The gnoll barely misses you.
You barely miss the gnoll. You claw the gnoll!
You kill the gnoll!
The gnoll hits you from afar with a +0 spear.
* * * LOW HITPOINT WARNING * * *
The gnoll hits you from afar with a +0 spear.
* * * LOW HITPOINT WARNING * * *
You hit the hobgoblin.
Your tail-slap misses the hobgoblin.
The hobgoblin is severely wounded.
The gnoll hits you from afar with a +0 spear.
* * * LOW HITPOINT WARNING * * *
The hobgoblin barely misses you.
The gnoll hits you from afar with a +0 spear.
You die...

#.# #.#.).#. ####.#
#.#...#. #..#.# #.......
#..#.#########.#...
#.................. #
#....#########.###. ####.
###### #.....
.....g###################
......g@.................
.....g###........########
..... #........# ....
#........# ### ...
#........# #.. ..
#........# #.. .
#........# #.. #........#
#.. ########## #..


You could see 2 gnolls and a hobgoblin.

Vanquished Creatures
  A gnoll (D:2)
  A leopard gecko (D:2)
  A giant cockroach (D:1)
  2 goblins
  3 hobgoblins
  2 jackals (D:2)
  A quokka (D:2)
  6 bats
  3 frilled lizards
  7 kobolds
  3 rats
30 creatures vanquished.

Notes
Turn   | Place    | Note
-------+----------+-------------------------------------------
     0 | D:1      | Auros the Draconian Transmuter began the quest for the Orb.
     0 | D:1      | Reached XP level 1. HP: 16/16 MP: 3/3
   361 | D:1      | Reached XP level 2. HP: 23/23 MP: 5/5
  1164 | D:2      | Found a sacrificial altar of Ru.
  1419 | D:2      | Reached XP level 3. HP: 17/28 MP: 4/6
  1722 | D:2      | Slain by a gnoll

Levels and vault maps discovered:
D:1:      shiori_arrival_oz, layout_basic, minmay_heptomino_o4
D:2:      layout_basic, lemuel_crystal_altar, nicolae_ru_sacrificial_ziggurat
